 Dungeon Crawl Stone Soup version 0.32-a0-39-g5c88369fb2 (webtiles) character file.

Game seed: 1748774977656490368

102294 Gargoyl the Severer (level 16, 0/107 HPs)
             Began as a Gargoyle Berserker on Jan 30, 2024.
             Was an Elder of Trog.
             Slain by an entropy weaver (5 damage)
             ... on level 2 of the Spider Nest on Jan 31, 2024.
             The game lasted 00:37:16 (20589 turns).

Gargoyl the Severer (Gargoyle Berserker)           Turns: 20589, Time: 00:37:17

Health: 0/107      AC: 23    Str: 22    XL:     16   Next: 32%
Magic:  16/16      EV: 12    Int: 11    God:    Trog [****..]
Gold:   2377       SH: 14    Dex: 16    Spells: 15/15 levels left

rFire   + . .        Q - +9 war axe of Quczeyn {venom, rC+ SInv}
rCold   + + +        p - +1 kite shield {rC+}
rNeg    + . .        N - +0 scale mail of Muttered Phrases {^Drain Fly rPois rF+ Regen+ Dex+3}
rPois   ∞            y - +2 helmet
rElec   +            (no cloak)
rCorr   .            b - +2 pair of gloves
SInv    +            k - +1 pair of boots
Will    +++..        (no amulet)
Stlth   +            g - +4 ring of slaying
HPRegen 2.17/turn    s - ring of protection from cold
MPRegen 0.15/turn

%: no passive effects
@: strong-willed, corroded, on berserk cooldown, flying, slightly contaminated,
regenerating, slowed, very slow
A: sickness immunity, AC +12, big wings, negative energy resistance 1,
electricity resistance, torment resistance 1, petrification resistance, hooves 1
a: Renounce Religion, Berserk, Trog's Hand, Brothers in Arms


You were on level 2 of the Spider Nest.
You worshipped Trog.
Trog was greatly pleased with you.
You visited 4 branches of the dungeon, and saw 22 of its levels.
You also visited: Sewer, Ossuary and Gauntlet.

You collected 3370 gold pieces.
You spent 993 gold pieces at shops.

Inventory:

Hand Weapons
 a - a +6 hand axe of flaming
 G - a +4 hand axe
 H - a +4 war axe of freezing
 Q - the +9 war axe of Quczeyn (weapon) {venom, rC+ SInv}
   (You found it on level 10 of the Dungeon)

   rC+:       It protects you from cold.
   SInv:      It lets you see invisible.
Missiles
 m - 9 curare-tipped darts
 t - 52 poisoned darts (quivered)
 R - 3 throwing nets
Armour
 b - a +2 pair of gloves (worn)
 k - a +1 pair of boots (worn)
 p - a +1 kite shield of cold resistance (worn)
 y - a +2 helmet (worn)
 N - the +0 scale mail of Muttered Phrases (worn) {^Drain Fly rPois rF+ Regen+ Dex+3}
   (You found it on level 10 of the Dungeon)

   Dex+3:     It affects your dexterity (+3).
   rF+:       It protects you from fire.
   rPois:     It protects you from poison Fly: It grants you flight.
   Regen+:    It increases your rate of health regeneration.
   ^Drain:    It drains your maximum health when unequipped.
 Y - the +9 plate armour of Day {rCorr}
   (You found it on level 13 of the Dungeon)

   rCorr:     It protects you from acid and corrosion.
Jewellery
 g - a +4 ring of slaying (left hand)
 l - a +6 ring of dexterity
 s - a ring of protection from cold (right hand)
 B - a ring of protection from fire
 L - a ring of resist corrosion
 O - a ring of ice
 U - a ring of willpower
 X - an amulet of the acrobat
Wands
 d - a wand of flame (18)
 n - a wand of polymorph (6)
 x - a wand of mindburst (15)
 A - a wand of paralysis (14)
 P - a wand of iceblast (4)
 S - a wand of digging (12)
Scrolls
 f - 10 scrolls of teleportation
 j - 4 scrolls of fog
 w - 7 scrolls of identify
 z - 2 scrolls of poison
 C - 3 scrolls of immolation
 E - a scroll of brand weapon
 J - 2 scrolls of fear
 K - 2 scrolls of vulnerability
 M - 3 scrolls of blinking
 Z - a scroll of revelation
Potions
 c - 5 potions of enlightenment
 e - a potion of invisibility
 h - 7 potions of curing
 i - a potion of magic
 o - 2 potions of lignification
 q - 2 potions of cancellation
 r - 3 potions of berserk rage
 u - 3 potions of haste
 v - 6 potions of might
 D - 5 potions of attraction
 F - 3 potions of heal wounds
 T - a potion of mutation
Miscellaneous
 I - a phantom mirror
 V - a lightning rod (4/4)
 W - a phial of floods


   Skills:
 + Level 14.8 Fighting
 + Level 17.2 Axes
 + Level 1.1(11.3) Polearms
 + Level 0.1 Throwing
 + Level 12.6 Armour
 + Level 5.7 Dodging
 + Level 3.2 Stealth
 + Level 13.0 Shields
 + Level 1.0 Unarmed Combat


You had 15 spell levels left.
You didn't know any spells.
Your spell library was empty.

Dungeon Overview and Level Annotations

Branches:
Dungeon (13/15)            Temple (0/1) D:6            Lair (5/5) D:9
 Shoals (0/4) Lair:2       Spider (2/4) Lair:2        Slime (0/5) Lair:5
    Orc (2/2) D:11            Elf (0/3) Orc:2        Vaults (0/5) D:13
  Sewer (visited)         Ossuary (visited)         Gauntlet (visited)

Altars:
Ashenzari
Makhleb
Okawaru
Sif Muna
Trog
Vehumet
Wu Jian
Xom
The Shining One
Jiyva

Shops:
D:3 ?   D:10 ?   D:12 =   Orc:2 **(*


Innate Abilities, Weirdness & Mutations

You are immune to sickness and miasma.
Your stone body is resilient. (AC +12)
You are immune to poison.
Your large and strong wings let you fly.
You resist negative energy. (rN+)
You are resistant to electric shocks. (rElec)
You are resistant to unholy torment.
You are immune to petrification.
You have large cloven feet.


Message History

The tarantella simulacrum vaporises!
You hit the culicivora simulacrum.
Unknown command.
You slice the entropy weaver!!
The entropy weaver looks as sick as possible!
The entropy weaver is moderately wounded.
You slice the culicivora simulacrum!!
The culicivora simulacrum vaporises!
You slice the tarantella simulacrum!!
The tarantella simulacrum vaporises!
You block the entropy weaver's attack. x3
The entropy weaver hits you but does no damage.
You slice the entropy weaver!!
The entropy weaver is severely wounded.
You are no longer berserk.
You are exhausted.
You feel yourself slow down.
The entropy weaver casts a spell at you.
The entropic weave corrodes you!
You hit the entropy weaver.
The entropy weaver looks as sick as possible!
The entropy weaver is severely wounded.
The entropy weaver casts a spell at you.
The entropic weave corrodes you!
Unknown command.
Your skin crawls.
You feel strong-willed. Trog will no longer gift you weapons.
The entropy weaver hits you.
* * * LOW HITPOINT WARNING * * *
The entropy weaver hits you!
* * * LOW HITPOINT WARNING * * *
The entropy weaver hits you but does no damage.
You block the entropy weaver's attack.
You block the demonic crawler's attack. x2
The demonic crawler misses you. The entropy weaver hits you.
* * * LOW HITPOINT WARNING * * *
The entropy weaver hits you.
* * * LOW HITPOINT WARNING * * *
The entropy weaver hits you.
You die...

.....#... . ......... .
......#..#. .. # ..
#..#.^.#. #.. .## ..
^#.....!.###.#### ..##..
#.^..............##.....
.....#sB...#...#.^....^.
...#..°@○.....##....^#^.
#...#†.....#...........
#.......#.......#..#..#
#.....#..#^#...#.#.#..#
##...<....^.#.........#
###.#...##..#....#....
##...........#...^..
#.......#......#.†.
##....#.....^......


You could see an entropy weaver (soul bound, extremely poisoned) and a demonic
crawler.

Vanquished Creatures
  Gastronok (D:11)
  A minotaur (Gauntlet)
  A dire elephant (Lair:5)
  An ettin (Orc:2)
  2 entropy weavers
  5 hydras
  Fannar (Lair:3)
  Harold (D:11)
  A rakshasa (D:13)
  5 vault guards (D:13)
  4 boulder beetles
  2 centaur warriors
  2 catoblepae
  A radroach (Spider:2)
  A jorogumo (Spider:2)
  14 death yaks
  2 two-headed ogres
  5 demonic crawlers
  2 tengu warriors (D:13)
  Sonja (D:10)
  3 skysharks
  2 orb spiders (Spider:1)
  2 pharaoh ants (Spider:2)
  Pikel (D:8)
  A bog body (Lair:1)
  An obsidian statue (Gauntlet)
  2 orc knights (Orc:2)
  4 wolf spiders
  Maurice (D:9)
  2 ugly things
  A manticore (D:10)
  2 cyclopes
  An ice statue (Lair:1)
  3 kobold blastminers (Orc:2)
  7 elephants
  11 black mambas
  2 torpor snails
  3 gargoyles
  8 cane toads
  An unseen horror (D:12)
  An efreet (D:13)
  6 rime drakes
  15 komodo dragons
  A freezing wraith (Lair:1)
  Psyche (D:8)
  2 kobold demonologists
  An ice devil (Lair:1)
  A queen bee (Gauntlet)
  5 tarantellas (Spider:2)
  3 hornets (Lair:5)
  14 blink frogs
  Grinder (Sewer)
  5 trolls
  8 polar bears
  14 dream sheep
  2 centaur simulacra (Gauntlet)
  6 culicivoras
  4 jumping spiders
  10 spriggans (Lair:5)
  3 shadows
  2 wraiths
  4 basilisks
  45 yaks
  3 wyverns
  A warg (Orc:1)
  A steam dragon (D:7)
  7 humans (D:13)
  A death yak simulacrum (Lair:1)
  13 redbacks
  3 vampire mosquitoes (D:12)
  Menkaure (D:5)
  2 acid dragons
  10 water moccasins
  22 orc warriors
  2 meliai simulacra (Gauntlet)
  6 ice beasts
  5 black bears
  4 boggarts (Lair:5)
  7 ogres
  27 wolves
  11 centaurs
  3 phantoms
  4 elf zombies (Ossuary)
  4 kobold brigands
  A necrophage (Sewer)
  14 bullfrogs
  A two-headed ogre simulacrum (Lair:1)
  2 gnoll sergeants (D:11)
  A cane toad simulacrum (Gauntlet)
  4 wights (D:8)
  8 killer bees
  2 electric eels (Lair:1)
  4 bombardier beetles
  A hound (D:5)
  3 human zombies (Ossuary)
  15 jellies
  10 orc priests
  3 sleepcaps
  2 iguanas
  17 orc wizards
  A polar bear simulacrum (Lair:1)
  A troll simulacrum (Lair:1)
  2 crocodile zombies (Ossuary)
  3 spectral hounds (Ossuary)
  4 mummies (Ossuary)
  12 gnolls
  11 adders
  A hound simulacrum (Ossuary)
  3 shadow imps
  7 ufetubi
  2 spectral adders (Ossuary)
  An adder zombie (Sewer)
  2 spectral gnolls (Ossuary)
  2 ribbon worms
  An adder simulacrum (Ossuary)
  54 orcs
  5 bats
  10 endoplasms
  6 giant cockroaches
  2 hobgoblins
  26 kobolds
  6 quokkas
  6 ball pythons
  4 frilled lizards
  3 gnoll simulacra (Ossuary)
  4 gnoll zombies (Ossuary)
  3 goblins
  4 jackal simulacra (Ossuary)
  5 kobold zombies
  8 orc zombies (Ossuary)
  7 rats
  A spectral jackal (Ossuary)
  2 butterflies
699 creatures vanquished.

Vanquished Creatures (collateral kills)
  A boulder beetle (Lair:1)
  A centaur warrior (Orc:2)
  3 death yaks (Lair:5)
  A manticore (D:8)
  A hornet (Lair:5)
  2 spriggans (Lair:5)
  8 orc warriors
  A wolf (Lair:5)
  2 centaurs
  A bullfrog (D:8)
  An orc priest (D:8)
  2 orc wizards (D:8)
  A gnoll (D:11)
  An orc (D:8)
26 creatures vanquished.

Vanquished Creatures (others)
  An orc wizard (D:8)
1 creature vanquished.

Grand Total: 726 creatures vanquished

Notes
Turn   | Place    | Note
-------+----------+-------------------------------------------
     0 | D:1      | Gargoyl the Gargoyle Berserker began the quest for the Orb.
     0 | D:1      | Reached XP level 1. HP: 14/14 MP: 1/1
   193 | D:1      | Reached XP level 2. HP: 19/19 MP: 2/2
   344 | D:1      | Reached skill level 3 in Axes
   970 | D:2      | Reached XP level 3. HP: 23/23 MP: 3/3
  1199 | D:2      | Identified the +3 spear of Mayhem {flame, Dex+2}
  1257 | D:2      | Reached ** piety under Trog
  1771 | D:3      | Reached XP level 4. HP: 29/29 MP: 4/4
  1774 | D:3      | Reached skill level 4 in Axes
  1802 | D:3      | Reached skill level 1 in Stealth
  1833 | D:3      | Found Zitoeseh's Magic Scroll Shoppe.
  1837 | D:3      | Bought a scroll of teleportation for 36 gold pieces
  1837 | D:3      | Bought a scroll of teleportation for 36 gold pieces
  1909 | D:3      | Reached XP level 5. HP: 33/33 MP: 5/5
  1963 | D:3      | Found a glowing drain.
  1977 | Sewer    | Entered a sewer
  2130 | Sewer    | Found an ancient bone altar of Kikubaaqudgha.
  2130 | Sewer    | Noticed a kobold brigand
  2136 | Sewer    | Killed a kobold brigand
  2144 | Sewer    | Noticed Grinder
  2153 | Sewer    | Killed Grinder
  2154 | Sewer    | Reached skill level 5 in Axes
  2154 | Sewer    | Reached skill level 1 in Polearms
  2154 | Sewer    | Reached XP level 6. HP: 39/39 MP: 6/6
  2197 | Sewer    | Reached *** piety under Trog
  2198 | Sewer    | Reached XP level 7. HP: 36/44 MP: 7/7
  2371 | D:3      | Gained mutation: Your large and strong wings let you fly.
                  | [potion of mutation]
  2601 | D:4      | Reached skill level 6 in Axes
  2850 | D:4      | Lost mutation: Your large and strong wings let you fly.
                  | [potion of mutation]
  2850 | D:4      | Gained mutation: You are weak. (Str -2) [potion of
                  | mutation]
  2851 | D:4      | Lost mutation: You are weak. (Str -2) [potion of mutation]
  2851 | D:4      | Gained mutation: You possess an exceptional clarity of
                  | mind. [potion of mutation]
  2851 | D:4      | Gained mutation: You are frail. (-10% HP) [potion of
                  | mutation]
  2851 | D:4      | Gained mutation: You are strong-willed. (Will+) [potion of
                  | mutation]
  3174 | D:5      | Entered Level 5 of the Dungeon
  3227 | D:5      | Identified the +6 chain mail of Yseajose {SInv}
  3481 | D:5      | Reached skill level 5 in Fighting
  3481 | D:5      | Reached XP level 8. HP: 43/44 MP: 8/8
  3567 | D:5      | Noticed Menkaure
  3573 | D:5      | Killed Menkaure
  3574 | D:5      | Reached skill level 7 in Axes
  4151 | D:6      | Reached skill level 8 in Axes
  4151 | D:6      | Reached skill level 5 in Armour
  4160 | D:6      | Reached **** piety under Trog
  4435 | D:6      | Reached XP level 9. HP: 49/49 MP: 9/9
  4484 | D:6      | Found a staircase to the Ecumenical Temple.
  4636 | D:7      | Found a glowing golden altar of the Shining One.
  4838 | D:7      | Found a sand-covered staircase.
  4848 | Ossuary  | Entered an ossuary
  4986 | Ossuary  | Reached skill level 9 in Axes
  5168 | Ossuary  | Reached ***** piety under Trog
  5276 | D:7      | Found a burning altar of Makhleb.
  5277 | D:7      | Found a bloodstained altar of Trog.
  5279 | D:7      | Found a shimmering blue altar of Sif Muna.
  5516 | D:7      | Found a shimmering altar of Xom.
  5726 | D:8      | Reached skill level 1 in Shields
  5728 | D:8      | Found a broken altar of Ashenzari.
  5728 | D:8      | Noticed a manticore
  5745 | D:8      | Killed a manticore
  5746 | D:8      | Reached XP level 10. HP: 32/54 MP: 10/10
  5884 | D:8      | Reached skill level 10 in Axes
  6101 | D:8      | Noticed Psyche
  6112 | D:8      | Killed Psyche
  6236 | D:8      | Noticed Pikel
  6246 | D:8      | Killed Pikel
  6517 | D:9      | Found a staircase to the Lair.
  6793 | D:9      | Noticed a gargoyle
  6803 | D:9      | Killed a gargoyle
  6804 | D:9      | Reached skill level 11 in Axes
  7039 | D:9      | Received a gift from Trog
  7047 | D:9      | Reached XP level 11. HP: 45/61 MP: 11/11
  7322 | D:9      | Noticed Maurice
  7326 | D:9      | Maurice stole a ring of protection from fire
  7339 | D:9      | Something stole a +2 hand axe of flaming
  7343 | D:9      | Something stole 35 poisoned darts
  7344 | D:9      | Something stole 522 gold
  7354 | D:9      | Killed Maurice
  7452 | Lair:1   | Entered Level 1 of the Lair of Beasts
  7815 | Lair:1   | Noticed a boulder beetle
  7852 | Lair:1   | Killed a boulder beetle
  7853 | Lair:1   | Reached skill level 12 in Axes
  7906 | Lair:1   | Noticed a bog body
  7924 | Lair:1   | Killed a bog body
  7925 | Lair:1   | Reached skill level 1 in Unarmed Combat
  7960 | Lair:1   | Noticed a death yak
  7978 | Lair:1   | Killed a death yak
  9184 | Lair:1   | Reached XP level 12. HP: 28/68 MP: 12/12
  9189 | Lair:1   | Identified the ring "Reucaote" {Fire *Slow rN+ Str+3}
  9367 | Lair:2   | Reached skill level 13 in Axes
  9452 | Lair:2   | Found a hole to the Spider Nest.
  9560 | Lair:2   | Noticed a seven-headed hydra
  9705 | Lair:2   | Reached skill level 5 in Shields
  9739 | Lair:2   | Identified the +1 rapier "Yfur" {freeze, ^Contam rCorr
                  | Str-4 Int+9}
  9747 | Lair:2   | Noticed a boulder beetle
  9758 | Lair:2   | Noticed a skyshark
  9761 | Lair:2   | Noticed a five-headed hydra
  9968 | Lair:2   | Killed a one-headed hydra
  9992 | Lair:2   | Found a staircase to the Shoals.
 10059 | Lair:2   | Killed a boulder beetle
 10060 | Lair:2   | Reached skill level 10 in Fighting
 10060 | Lair:2   | Reached skill level 10 in Armour
 10148 | Lair:2   | Reached skill level 14 in Axes
 10148 | Lair:2   | Noticed a skyshark
 10167 | Lair:2   | Killed a skyshark
 10175 | Lair:2   | Killed a one-headed hydra
 10179 | Lair:2   | Reached XP level 13. HP: 57/73 MP: 13/13
 10935 | Lair:3   | Noticed Fannar
 10946 | Lair:3   | Killed Fannar
 11058 | Lair:3   | Identified the +5 ring mail "Ziklus" {rPois}
 12245 | Lair:4   | Reached skill level 15 in Axes
 12541 | Lair:4   | Identified the +5 ring mail of Eternal Vigilance {rN+ rCorr
                  | Stlth+}
 13074 | Lair:5   | Entered Level 5 of the Lair of Beasts
 13093 | Lair:5   | Gained mutation: Your large and strong wings let you fly.
                  | [Gargoyle growth]
 13093 | Lair:5   | Reached XP level 14. HP: 54/81 MP: 14/14
 13388 | Lair:5   | Found a staircase to the Slime Pits.
 13391 | Lair:5   | Found a viscous altar of Jiyva.
 13570 | Lair:5   | Reached skill level 16 in Axes
 13588 | Lair:5   | Noticed a dire elephant
 14242 | Lair:5   | Identified the +8 orcbow of the Wilderness {heavy, rC+
                  | Int+2}
 14379 | Lair:5   | Reached skill level 10 in Shields
 14446 | Lair:5   | Killed a dire elephant
 14860 | D:10     | Entered Level 10 of the Dungeon
 14875 | D:10     | Found an ornate altar of the Wu Jian Council.
 14887 | D:10     | Reached XP level 15. HP: 88/89 MP: 15/15
 14991 | D:10     | Identified the +0 scale mail of Muttered Phrases {^Drain
                  | Fly rPois rF+ Regen+ Dex+3}
 15074 | D:10     | Found Ullixar's Magic Scroll Boutique.
 15082 | D:10     | Bought a scroll of blinking for 75 gold pieces
 15082 | D:10     | Bought a scroll of teleportation for 30 gold pieces
 15082 | D:10     | Bought a scroll of enchant weapon for 75 gold pieces
 15082 | D:10     | Bought a scroll of teleportation for 30 gold pieces
 15082 | D:10     | Bought a scroll of blinking for 75 gold pieces
 15082 | D:10     | Bought a scroll of acquirement for 520 gold pieces
 15082 | D:10     | Acquired 871 gold pieces
 15111 | D:10     | Noticed Sonja
 15119 | D:10     | Killed Sonja
 15258 | D:10     | Identified the +0 storm dragon scales of Vufeluph {^Contam
                  | +Inv Fly rElec Will++}
 15278 | D:10     | Identified the +9 war axe of Quczeyn {venom, rC+ SInv}
 15643 | D:11     | Found a staircase to the Orcish Mines.
 15756 | D:11     | Noticed Harold
 15768 | D:11     | Killed Harold
 15840 | D:11     | Noticed Gastronok
 15854 | D:11     | Killed Gastronok
 15943 | D:11     | Found a gate leading to a gauntlet.
 16068 | Gauntlet | Entered a Gauntlet
 16068 | Gauntlet | Found a transporter.
 16071 | Gauntlet | Found a transporter.
 16225 | Gauntlet | Found a transporter.
 16233 | Gauntlet | Found a transporter.
 16233 | Gauntlet | Found a transporter.
 16250 | Gauntlet | Found a transporter.
 16267 | Gauntlet | Found a runed translucent gate.
 16267 | Gauntlet | Found a runed translucent gate.
 16267 | Gauntlet | Found a runed translucent gate.
 16276 | Gauntlet | Found a runed translucent door.
 16277 | Gauntlet | Found a transporter.
 16277 | Gauntlet | Found a transporter.
 16278 | Gauntlet | Found a transporter.
 16384 | Gauntlet | Identified the -1 pair of gloves "Gygufis" {rC+ Slay+2}
 16625 | D:12     | Found Jawos's Jewellery Emporium.
 17124 | D:12     | Found a radiant altar of Vehumet.
 18066 | D:13     | Reached skill level 5 in Dodging
 18092 | D:13     | Found a gate to the Vaults.
 18101 | D:13     | Identified the +9 plate armour of Day {rCorr}
 18320 | Orc:1    | Entered Level 1 of the Orcish Mines
 18409 | Orc:1    | Found an iron altar of Okawaru.
 18515 | Orc:2    | Entered Level 2 of the Orcish Mines
 19258 | Orc:2    | Reached skill level 17 in Axes
 19270 | Orc:2    | Found Dagutz's General Store.
 19270 | Orc:2    | Found Raxze's Weapon Shoppe.
 19274 | Orc:2    | Found Okasof's General Store.
 19285 | Orc:2    | Found Nekkyjock's Assorted Antiques.
 19410 | Orc:2    | Bought a scroll labelled YNYZEH HIOHO for 34 gold pieces
 19410 | Orc:2    | Bought a scroll labelled GOXINL KEDO for 34 gold pieces
 19415 | Orc:2    | Bought a scroll of teleportation for 48 gold pieces
 19502 | Orc:2    | Found a staircase to the Elven Halls.
 19793 | Spider:1 | Entered Level 1 of the Spider Nest
 19824 | Spider:1 | Lost mutation: You are strong-willed. (Will+) [potion of
                  | mutation]
 19824 | Spider:1 | Lost mutation: You possess an exceptional clarity of mind.
                  | [potion of mutation]
 19824 | Spider:1 | Lost mutation: You are frail. (-10% HP) [potion of
                  | mutation]
 19824 | Spider:1 | Gained mutation: You have large cloven feet. [potion of
                  | mutation]
 19863 | Spider:1 | Reached XP level 16. HP: 52/107 MP: 16/16
 19918 | Spider:1 | Received a gift from Trog
 20522 | Spider:2 | Identified the +7 trident "Zuno" {protect, ^Drain rC+ rN+
                  | Dex+2}
 20589 | Spider:2 | HP: 5/107 [entropy weaver (6)]
 20589 | Spider:2 | Slain by an entropy weaver

Illustrated notes

Levels and vault maps discovered:
D:1:      lemuel_arrival_cross, layout_loops_cross, serial_forest,
          infiniplex_forest_straight_2, infiniplex_forest_pool,
          infiniplex_forest_clump_long, infiniplex_forest_clump_medium,
          infiniplex_forest_clump_double
D:2:      layout_basic, st_stairs_13
D:3:      layout_basic, portal_sewer_entry_d, serial_shops, nicolae_shop_trees
D:4:      layout_gridville
D:5:      layout_loops_ring, uniq_grinder, uniq_menkaure
D:6:      layout_gridville, minmay_temple_entry_drinking_statues,
          minmay_chambers_of_fives
D:7:      layout_cave_pools, mainiacjoe_overflow_surrounded_room,
          lemuel_crystal_altar, grunt_temple_overflow_open,
          nicolae_ossuary_entry_ruins
D:8:      layout_loops_ring, mainiacjoe_overflow_brackets, uniq_psyche,
          uniq_pikel
D:9:      layout_basic, hellmonk_lair_entry_icy, uniq_maurice
D:10:     layout_loops_ring, nicolae_wu_jian_wuxing_cycle, serial_shops,
          nicolae_shop_tiny_waterfront, minmay_statues_item, chequers_jeans,
          minmay_radiant, uniq_sonja
D:11:     layout_small_grid, kennysheep_orc_monster_closet_entryway,
          gauntlet_entry_generic, uniq_harold, uniq_gastronok
D:12:     layout_basic, serial_shops, nicolae_stop_n_shop_2, fiery_altar_vehumet
D:13:     layout_irregular_city, ximxim_vaults_locker_room,
          kennysheep_decorative_pillar
Lair:1:   dreamdust_isle_of_ice, layout_regular_city, gammafunk_lair_bear_cave,
          serial_bayou_shore_a
Lair:2:   nzn_winding_woodlands_large [nzn_winding_woodlands_5x5_cross,
          nzn_winding_woodlands_5x15_jagged,
          nzn_winding_woodlands_5x5_closed_star,
          nzn_winding_woodlands_center_pierced_h,
          nzn_winding_woodlands_15x15_eel_pit,
          nzn_winding_woodlands_center_diamonds,
          nzn_winding_woodlands_5x5_default,
          nzn_winding_woodlands_5x15_concentric,
          nzn_winding_woodlands_5x5_checkerboard], layout_misc_corridors,
          minmay_shoals_entry_centaurs, spider_nest_entry_funnel_web,
          lemuel_fruit_fields
Lair:3:   dreamdust_cave_troll, layout_chaotic_city, guppyfry_lair_drakes,
          uniq_fannar
Lair:4:   layout_cellular_growth, lemuel_fruit_fields
Lair:5:   minmay_lair_end_enchanted_forest, layout_gridlike,
          minmay_slime_entry_jelly_boxes, nicolae_lair_grazing_beasts
          [nicolae_sub_lair_graze_edge, nicolae_sub_lair_graze_edge,
          nicolae_sub_lair_graze_edge, nicolae_sub_lair_graze_edge]
Spider:1: layout_spider_delve
Spider:2: layout_spider_delve
Orc:1:    layout_diamond_mine, serial_shops, okawaru_metal_pillars_1_2
Orc:2:    st_orc_rangers, layout_diamond_mine

Skill      XL: |  1  2  3  4  5  6  7  8  9 10 11 12 13 14 15 16 |
---------------+-------------------------------------------------+-----
Axes           | 3 4 5 6 8 9 11 12 14 15 16 17 | 17.2
Stealth        | 1 2 3 |  3.2
Fighting       | 4 5 6 8 9 10 11 13 14 | 14.8
Dodging        | 2 3 4 5 |  5.7
Polearms       | 1 |  1.1
Armour         | 3 5 6 7 9 10 11 12 | 12.6
Shields        | 2 3 4 6 8 10 12 13 | 13.0
Unarmed Combat | 1 |  1.0
Throwing       | |  0.1

Action                     |  1- 3 |  4- 6 |  7- 9 | 10-12 | 13-15 | 16-18 || total
---------------------------+-------+-------+-------+-------+-------+-------++-------
  Melee: Hand axe          |    88 |    60 |   312 |    16 |    88 |       ||   564
         Punch             |     2 |       |     3 |       |       |       ||     5
         Spear             |     9 |       |       |       |       |       ||     9
         War axe           |       |       |     5 |   421 |   816 |    99 ||  1341
         Unarmed           |       |       |       |    17 |       |       ||    17
  Throw: Dart              |       |       |       |     1 |     1 |       ||     2
 Invoke: Berserk           |     2 |     1 |     2 |    12 |    18 |     5 ||    40
         Trog's Hand       |       |     1 |     1 |    12 |    14 |     1 ||    29
         Brothers in Arms  |       |       |     2 |     2 |     6 |       ||    10
    Use: Scroll            |     5 |       |    12 |    11 |    15 |       ||    43
         Potion            |       |       |     3 |     4 |     2 |       ||     9
   Stab: Confused          |       |       |       |       |     1 |       ||     1
 Armour: Animal skin       |    50 |       |       |       |       |       ||    50
         Scale mail        |    11 |    60 |   180 |    36 |   256 |   100 ||   643
         Plate armour      |       |       |       |   437 |   462 |       ||   899
         Skin              |       |       |       |    14 |       |       ||    14
  Dodge: Dodged            |    52 |    44 |   148 |   129 |   271 |    57 ||   701
  Block: Buckler           |       |       |    23 |    60 |       |       ||    83
         Kite shield       |       |       |       |   114 |   637 |   116 ||   867

Table legend: (Time is in decaauts)
 A = Elapsed time spent in this place.
 B = Non-inter-level travel time spent in this place.
 C = Inter-level travel time spent in this place.
 D = Time resting spent in this place.
 E = Time spent auto-exploring this place.
 F = Levels seen in this place.
 G = Mean time per level.
                   A        B        C        D        E       F      G
               +--------+--------+--------+--------+--------+-----+--------+
         Total |  20718 |  19888 |    830 |   1682 |  13162 |  25 |  828.7 |
       Dungeon |   9955 |   9488 |    467 |    241 |   7101 |  13 |  765.8 |
          Lair |   7525 |   7245 |    280 |    980 |   4394 |   5 | 1505.0 |
   Spider Nest |    813 |    791 |     22 |    153 |    422 |   2 |  406.5 |
  Orcish Mines |   1377 |   1318 |     59 |    131 |    863 |   2 |  688.5 |
         Sewer |    399 |    399 |      0 |      0 |    203 |   1 |  399.0 |
       Ossuary |    317 |    317 |      0 |      0 |    133 |   1 |  317.0 |
      Gauntlet |    331 |    331 |      0 |    176 |     45 |   1 |  331.0 |
               +--------+--------+--------+--------+--------+-----+--------+

Top non-repeatable levels by time:
  Lair:1: 2005 daAuts
  Lair:2: 1641 daAuts
  Lair:5: 1612 daAuts
  Lair:4: 1310 daAuts
     D:9: 1024 daAuts
  Lair:3: 955 daAuts
    D:13: 939 daAuts
     D:1: 928 daAuts
   Orc:2: 907 daAuts
    D:12: 806 daAuts
     D:8: 804 daAuts
     D:6: 767 daAuts
     D:2: 741 daAuts
    D:11: 712 daAuts
Spider:1: 710 daAuts
